 Dungeon Crawl Stone Soup version 0.29.1-13-g9f3cf754e1 (webtiles) character file.

Game seed: 14396477582406483798

8 PriceMaster the Sneak (level 2, -2/11 HPs)
             Began as a Felid Air Elementalist on Jan 28, 2023.
             Slain by a quokka (5 damage)
             ... on level 1 of the Dungeon.
             The game lasted 00:00:46 (252 turns).

PriceMaster the Sneak (Felid Air Elementalist)       Turns: 252, Time: 00:00:46

Health: -2/11      AC:  1    Str:  4    XL:     2   Next: 0%
Magic:  1/6        EV: 17    Int: 16    God:
Gold:   0          SH:  0    Dex: 16    Spells: 4/5 levels left
                                        Lives:  0   Deaths: 0

rFire   . . .      SeeInvis +   (weapon unavailable)
rCold   . . .      Faith    .   (shield unavailable)
rNeg    . . .      Spirit   .   (body armour unavailable)
rPois   .          Reflect  .   (helmet unavailable)
rElec   .          Harm     .   (cloak unavailable)
rCorr   .          Rampage  .   (gloves unavailable)
Will    .....                   (boots unavailable)
Stlth   +++.......              (no amulet)
HPRegen 0.03/turn               (no ring)
MPRegen 0.10/turn               (no ring)

@: quick
A: very small, claws 1, fangs 3, see invisible, speed 1, shaggy fur 1, stealthy
paws, no weapons or thrown items, no armour, multi-lived
a: no special abilities


You were on level 1 of the Dungeon.
You visited 1 branch of the dungeon, and saw 1 of its levels.

Inventory:

Potions
 a - a potion of magic


   Skills:
 + Level 2.6 Dodging
 * Level 3.7 Stealth
 + Level 2.0 Spellcasting
 + Level 0.8 Conjurations
 + Level 2.7 Air Magic


You had 4 spell levels left.
You knew the following spells:

 Your Spells              Type           Power      Damage    Failure   Level
a - Shock                 Conj/Air       28%        1d4       10%         1

Your spell library contained the following spells:

 Spells                   Type           Power      Damage    Failure   Level
 Static Discharge         Conj/Air       7%         3-4/arc   16%         2
 Swiftness                Air            10%        N/A       21%         3
 Airstrike                Air            5%         2d(1-17)  54%         4


Dungeon Overview and Level Annotations

Branches:
Dungeon (1/15)

Altars:


Innate Abilities, Weirdness & Mutations

You have sharp claws.
You have razor-sharp teeth.
You have supernaturally acute eyesight. (SInv)
You cover ground quickly. (Speed+)
You are covered in fur. (AC +1)
Your paws help you pounce on unaware monsters.
You are incapable of wielding weapons or throwing items.
You cannot wear armour.
You gain extra lives every three experience levels.


Message History

There is an open door here.
The quokka twitches its whiskers.
You are too injured to fight recklessly!
Casting: Shock (safe; 10% risk of failure)
Confirm with . or Enter, or press ? or * to list all spells.
Aiming: Shock (safe; 10% risk of failure)
Press: ? - help, Shift-Dir - straight line, f - quokka
Aim: a quokka (56% to hit)
The zap hits the quokka.
The quokka is moderately wounded.
The zap hits the giant cockroach.
The giant cockroach is lightly wounded.
The quokka closely misses you.
Casting: Shock (safe; 10% risk of failure)
Confirm with . or Enter, or press ? or * to list all spells.
Aiming: Shock (safe; 10% risk of failure)
Press: ? - help, Shift-Dir - straight line, f/p - quokka
Aim: a quokka (moderately wounded, 56% to hit)
The zap hits the quokka.
The quokka is heavily wounded.
The zap hits the giant cockroach.
The giant cockroach is heavily wounded.
The quokka barely misses you.
Casting: Shock (safe; 10% risk of failure)
Confirm with . or Enter, or press ? or * to list all spells.
Aiming: Shock (safe; 10% risk of failure)
Press: ? - help, Shift-Dir - straight line, f/p - quokka
Aim: a quokka (heavily wounded, 56% to hit)
The zap misses the quokka.
The zap hits the bat.
You kill the bat!
The zap hits the giant cockroach.
The giant cockroach is severely wounded.
The quokka bites you.
* * * LOW HITPOINT WARNING * * *
You have reached level 2!
Unknown command.
You barely miss the quokka. Your bite misses the quokka.
The quokka is heavily wounded.
The quokka misses you. The quokka bites you.
You die...

+.........+...........
#.........####...##.##
#.......# ##.###.#
##.....## ### #.#
##...## #####.# ##'##
#.....# #B# #.#####
#r#########.#
##@........#.#
#####...######.#.#
#.....†........#.####
....#...............#
#.#.#..........####.#
# #............# .#
#..............# .#
######.........# .
#........##


You could see a quokka and a giant cockroach.

Vanquished Creatures
  A dart slug (D:1)
  An endoplasm (D:1)
  2 hobgoblins (D:1)
  A bat (D:1)
  A rat (D:1)
6 creatures vanquished.

Notes
Turn   | Place    | Note
-------+----------+-------------------------------------------
     0 | D:1      | PriceMaster the Felid Air Elementalist began the quest for
                  | the Orb.
     0 | D:1      | Reached XP level 1. HP: 7/7 MP: 4/4
    84 | D:1      | Reached skill level 3 in Stealth
   252 | D:1      | Reached XP level 2. HP: 3/11 MP: 1/6
   252 | D:1      | Slain by a quokka

Illustrated notes

Levels and vault maps discovered:
D:1:      lemuel_arrival_room, layout_loops_corners,
          ebering_ecumenical_altar_petrified

Skill      XL: |  1 |
---------------+----+-----
Stealth        | 3 |  3.7
Dodging        | |  2.6
Spellcasting   | |  2.0
Conjurations   | |  0.8
Air Magic      | |  2.7

Action                   || total
-------------------------++-------
Melee: Unarmed           ||    10
       Bite              ||     2
 Cast: Shock             ||     6
 Stab: Sleeping          ||     2
Armor: Skin              ||     3
Dodge: Dodged            ||     7
